 Dungeon Crawl Stone Soup version 0.29-a0-561-ga02bf68b3c (webtiles) character file.

Game seed: 6921050485261988113

70 KristoblXynda the Slasher (level 4, -4/57 HPs)
             Began as a Draconian Gladiator on June 11, 2022.
             Slain by a river rat (7 damage)
             ... in a sewer.
             The game lasted 00:01:58 (1675 turns).

KristoblXynda the Slasher (Draconian Gladiator)     Turns: 1675, Time: 00:01:59

Health: -4/57      AC: 22    Str: 18    XL:     4   Next: 4%
Magic:  4/4        EV:  2    Int:  9    God:
Gold:   55         SH:  0    Dex: 12    Spells: 3/3 levels left

rFire   . . .      SeeInvis .   a - +0 long sword
rCold   . . .      Faith    .   (no shield)
rNeg    . . .      Spirit   .   (body armour unavailable)
rPois   +          Reflect  .   (helmet currently unavailable)
rElec   .          Harm     .   (cloak currently unavailable)
rCorr   .          Rampage  .   (gloves currently unavailable)
Will    .....      NoTele   +   (boots currently unavailable)
Stlth   +.........              (no amulet)
HPRegen 0.19/turn               (no ring)
MPRegen 0.09/turn               (no ring)

@: tree-form, hasted, very quick
A: stationary, stasis, torment immunity, boosted hp, AC +5, unfitting armour,
(cold-blooded)
a: no special abilities


You were in a sewer.
You were a tree.
You visited 1 branch of the dungeon, and saw 3 of its levels.
You also visited: Sewer.

You collected 79 gold pieces.
You spent 24 gold pieces at shops.

Inventory:

Hand Weapons
 a - a +0 long sword (weapon)
Missiles
 c - 3 throwing nets (quivered)
 d - a javelin
Armour
 b - a +0 hat (melded)
 j - a +0 pair of gloves (melded)
Scrolls
 h - a scroll of noise {unknown}
 k - a scroll of magic mapping {unknown}
 m - a scroll of immolation {unknown}
Potions
 e - a potion of mutation
 l - a potion of invisibility {unknown}


   Skills:
 + Level 3.0 Fighting
 * Level 4.0 Long Blades
 - Level 2.0 Throwing
 + Level 3.2 Dodging


You had 3 spell levels left.
You didn't know any spells.
Your spell library was empty.

Dungeon Overview and Level Annotations

Branches:
Dungeon (3/15)              Sewer (1/1)

Altars:

Shops:
D:2 [=![*


Innate Abilities, Weirdness & Mutations

You are a tree.
Your roots penetrate the ground, keeping you stationary.
You cannot be teleported.
You are immune to unholy pain and torment.
Your maximum health is greatly increased.
Your equipment is partially melded.
((Your plain brown scales are hard. (AC +5)))
You cannot fit into any form of body armour.
((You are cold-blooded and may be slowed by cold attacks.))


Message History

The river rat bites you but does no damage.
You closely miss the river rat.
The river rat is moderately wounded.
You slash the river rat!
The river rat is almost dead.
The river rat barely misses you.
The river rat bites you but does no damage.
You hit the river rat.
You kill the river rat!
The river rat bites you but does no damage.
Your Fighting skill increases to level 3!
Your Long Blades skill increases to level 4!
You have reached level 4!
You feel clever.
You closely miss the river rat.
The river rat bites you but does no damage.
The rat bites you.
* * * LOW HITPOINT WARNING * * *
You barely miss the river rat. The river rat bites you.
* * * LOW HITPOINT WARNING * * *
The rat bites you.
* * * LOW HITPOINT WARNING * * *
You hit the river rat.
The river rat is lightly wounded.
You barely miss the river rat.
The river rat is lightly wounded.
The river rat bites you but does no damage.
The rat bites you but does no damage.
You hit the river rat.
The river rat is severely wounded.
The river rat bites you but does no damage.
The rat bites you but does no damage.
You hit the river rat.
The river rat is severely wounded.
The river rat bites you but does no damage.
The rat bites you but does no damage.
You hit the river rat.
The river rat is almost dead.
The river rat bites you!
You die...

#≈#
#≈#
#≈#
#.#
#.#
#r#
#r#
#♣#
#r#
#r#
#r#
#.#
#.#
#.#
#.#
#.#


You could see 2 river rats and 3 rats.

Vanquished Creatures
  A river rat (Sewer)
  An adder (D:2)
  A dart slug (D:2)
  A worm (D:2)
  5 endoplasms
  6 giant cockroaches
  2 goblins
  4 hobgoblins
  7 quokkas
  5 ball pythons
  2 bats
  A frilled lizard (D:1)
  3 kobolds (D:1)
  2 rats
41 creatures vanquished.

Notes
Turn   | Place    | Note
-------+----------+-------------------------------------------
     0 | D:1      | KristoblXynda the Draconian Gladiator began the quest for
                  | the Orb.
     0 | D:1      | Reached XP level 1. HP: 17/17 MP: 1/1
   537 | D:1      | Reached XP level 2. HP: 25/25 MP: 2/2
  1028 | D:2      | Reached XP level 3. HP: 28/30 MP: 3/3
  1043 | D:2      | Found Ajullipp's Armour Emporium.
  1069 | D:2      | Found Esyhakuq's Jewellery Shop.
  1178 | D:2      | Found Ijuubij's Distillery.
  1186 | D:2      | Found Publeseg's Antique Armour Shoppe.
  1329 | D:2      | Found Postengy's General Store.
  1338 | D:2      | Bought a scroll of identify for 24 gold pieces
  1631 | D:3      | Found a glowing drain.
  1656 | Sewer    | Entered a sewer
  1669 | Sewer    | Reached skill level 4 in Long Blades
  1669 | Sewer    | Reached XP level 4. HP: 7/38 MP: 4/4
  1670 | Sewer    | HP: 2/57 [rat (1)]
  1675 | Sewer    | Slain by a river rat

Illustrated notes

Levels and vault maps discovered:
D:1:      amcnicky_arrival_wind_blow, layout_basic
D:2:      layout_rooms, serial_shops, nicolae_shop_statue_plus, shop,
          nicolae_shop_waterfront, nicolae_shop_statue_plus,
          nicolae_diamond_shop
D:3:      layout_basic, hellmonk_ecumenical_altar_zigzags, gup_sewer_entry_pipe,
          minmay_cut_off
Sewer:    sewer_kobolds

Skill      XL: |  1  2  3 |
---------------+----------+-----
Throwing       | 2 |  2.0
Dodging        | 3 |  3.2
Fighting       | 3 |  3.0
Long Blades    | 4 |  4.0

Action                   |  1- 3 |  4- 6 || total
-------------------------+-------+-------++-------
Melee: Long sword        |   119 |     7 ||   126
       Tailslap          |     9 |       ||     9
       Punch             |     1 |       ||     1
  Use: Scroll            |     2 |       ||     2
       Potion            |     2 |       ||     2
 Stab: Sleeping          |     3 |       ||     3
Armor: Skin              |    43 |     7 ||    50
Dodge: Dodged            |    63 |       ||    63

Table legend: (Time is in decaauts)
 A = Elapsed time spent in this place.
 B = Non-inter-level travel time spent in this place.
 C = Inter-level travel time spent in this place.
 D = Time resting spent in this place.
 E = Time spent auto-exploring this place.
 F = Levels seen in this place.
 G = Mean time per level.
                   A        B        C        D        E       F      G
               +--------+--------+--------+--------+--------+-----+--------+
         Total |   1707 |   1662 |     45 |      0 |   1320 |   4 |  426.8 |
       Dungeon |   1690 |   1645 |     45 |      0 |   1320 |   3 |  563.3 |
         Sewer |     17 |     17 |      0 |      0 |      0 |   1 |   17.0 |
               +--------+--------+--------+--------+--------+-----+--------+

Top non-repeatable levels by time:
     D:1: 960 daAuts
     D:2: 653 daAuts
     D:3: 76 daAuts
   Sewer: 17 daAuts
